[Event "*** Titled Tuesday Blitz"]
[Site "Chess.com"]
[Date "2020.11.10"]
[Round "10"]
[White "Kazmin_Dmitrij"]
[Black "parintele_chess"]
[Result "0-1"]
[WhiteElo "2252"]
[BlackElo "2161"]
[TimeControl "180+1"]
[EndTime "12:02:45 PST"]
[Termination "parintele_chess won on time"]

1. e4 c5 2. Nc3 Nc6 3. g3 g6 4. Bg2 Bg7 5. d3 e6 6. Be3 d6 7. f4 Nge7 8. Nf3 Nd4 9. O-O Nec6 10.
Qd2 O-O 11. Nd1 b5 12. Ne1 b4 13. c3 Nb5 14. e5 Qc7 15. d4 bxc3 16. bxc3 cxd4 17.
cxd4 dxe5 18. dxe5 Rd8 19. Qc2 Bb7 20. a4 Nbd4 21.
Qf2 Rac8 22. Rc1 Qb6 23. Nc2 Bf8 24. Nxd4 Nxd4 25. Rxc8 Bxc8 26. a5 Qxa5 27. Kh1 Bc5 28. Nb2 Ba6 29. Rd1 Qc3 30. Na4 Qb3 31. Ra1 Bb6 32.
Nxb6 Qxb6 33. Bxd4 Rxd4 34. h4 Bb7 35. Bxb7 Qxb7+ 36. Kh2 Qd5 37. Ra2 Rd1 38. Qg2 Qd4 39. Rc2 Rb1 40. Ra2 Qc4 0-1

[Event "*** Titled Tuesday Blitz"]
[Site "Chess.com"]
[Date "2020.11.10"]
[Round "10"]
[White "DishonorOnYourCow"]
[Black "GameOverBro"]
[Result "0-1"]
[WhiteElo "2394"]
[BlackElo "2524"]
[TimeControl "180+1"]
[EndTime "12:02:47 PST"]
[Termination "GameOverBro won on time"]

1. d4 c5 2. d5 e5 3. e4 d6 4.
Nc3 a6 5. a4 Be7 6. Nf3 Bg4 7.
Be2 Bxf3 8. Bxf3 Bg5 9. O-O Nd7 10. g3 Nh6 11. Bg2 Bxc1 12. Qxc1 O-O 13. Qe3 f5 14. exf5 Nxf5 15. Qd2 Nd4 16. Ne4 Qe7 17. Qd3 b5 18. axb5 axb5 19. Rxa8 Rxa8 20. c3 c4 21. Qd1 Nb3 22. Qh5 h6 23. Bh3 Nf6 24. Qh4 Ra7 25.
Be6+ Kf8 26. Ng5 Ke8 27. Nf7 Nc5 28. Rd1 Nd3 29. Qh3 Nxb2 30. Rb1 Ra2 31. Qf5 e4 32. Qg6 Kf8 33. g4 b4 34. g5 hxg5 35. Nxg5 bxc3 36. Nh7+ Nxh7 37. Qxh7 Qg5+ 38. Kh1 Nd3 39. Qh8+ Ke7 40. Rb7+ Kf6 41. Qf8+ Ke5 42. Qxg7+ Qxg7 43. Rxg7 c2 44. Rg1 Nxf2+ 45. Kg2 Nd1 46. h4 c1=Q+ 0-1

[Event "*** Titled Tuesday Blitz"]
[Site "Chess.com"]
[Date "2020.11.10"]
[Round "10"]
[White "Mikasinski"]
[Black "Grieve72"]
[Result "0-1"]
[WhiteElo "2473"]
[BlackElo "2399"]
[TimeControl "180+1"]
[EndTime "12:02:47 PST"]
[Termination "Grieve72 won on time"]

1. e4 c5 2. Nf3 e6 3. d4 cxd4 4.
Nxd4 Nc6 5. Nc3 Qc7 6. Be2 a6 7. O-O Nf6 8. Be3 Bb4 9. Na4 Be7 10. c4 Nxe4 11. Bf3 Nf6 12. Nxc6 bxc6 13. Nb6 Rb8 14. c5 Nd5 15. Bxd5 cxd5 16. Bd4 f6 17. Rc1 Bb7 18. b4 e5 19. Bb2 d4 20. f4 O-O 21. Qb3+ Kh8 22. Qg3 d6 23. fxe5 fxe5 24. cxd6 Rxf1+ 25. Kxf1 Qxd6 26. Nc4 Qf6+ 27. Kg1 Bd6 28. Bxd4 exd4 29. Nxd6 Bd5 30. Nf7+ Bxf7 31. Qxb8+ Bg8 32. Rc8 Qe6 33. Re8 Qxa2 34. h3 h6 35. Qe5 d3 36. Re7 Bf7 37. Qd4 d2 38. Kh2 Bd5 39. Re2 Bf7 0-1

[Event "*** Titled Tuesday Blitz"]
[Site "Chess.com"]
[Date "2020.11.10"]
[Round "10"]
[White "Mr_Sinigami"]
[Black "NewBornNow"]
[Result "0-1"]
[WhiteElo "2531"]
[BlackElo "2655"]
[TimeControl "180+1"]
[EndTime "12:02:53 PST"]
[Termination "NewBornNow won by checkmate"]

1. d4 d6 2. Nf3 Nf6 3. Bf4 g6 4. e3 Bg7 5. h3 Nbd7 6. Be2 O-O 7. O-O Qe8 8. c4 e5 9. Bh2 e4 10. Nfd2 Qe7 11. Nc3 Re8 12. b4 Nf8 13. a4 h5 14. a5 a6 15. b5 N8h7 16. Re1 Ng5 17. Bf1 Bf5 18. Qb3 Qd7 19. c5 dxc5 20. Nc4 cxd4 21.
exd4 Bxh3 22. Ne5 Qxd4 23. Rad1 Be6 24. Qb2 Qc5 25. Na4 Qe7 26. b6 cxb6 27. Nxb6 Rad8 28. Qc1 Rxd1 29. Rxd1 Ng4 30. Nxg4 Bxg4 31. Rd5 Bf5 32. Bf4 Ne6 33. Be3 Rd8 34. Bc4 Nc7 35. Rxd8+ Qxd8 36. Bf4 Nb5 37. Bd5 Nc3 38. Bc4 Qd4 39. Be3 Qe5 40. Qa3 Bf8 41. Qb3 Qxa5 42. Bxf7+ Kh8 43. Be6 Qa1+ 44.
Kh2 Ne2 45. Bxf5 Qg1+ 46. Kh3 Qh1# 0-1

[Event "*** Titled Tuesday Blitz"]
[Site "Chess.com"]
[Date "2020.11.10"]
[Round "10"]
[White "AldokhinIvan"]
[Black "German_Bazeev"]
[Result "1-0"]
[WhiteElo "2586"]
[BlackElo "2730"]
[TimeControl "180+1"]
[EndTime "12:02:55 PST"]
[Termination "AldokhinIvan won by resignation"]

1. e4 c6 2. Nc3 d5 3. d4 dxe4 4.
Nxe4 Nf6 5. Nxf6+ exf6 6. c3 Bd6 7. Bd3 O-O 8. Ne2 Qc7 9. Qc2 h5 10. Bd2 Re8 11. O-O-O Nd7 12. Ng3 Nf8 13. Rde1 Rxe1+ 14. Rxe1 h4 15. Ne4 Bxh2 16. g3 hxg3 17. fxg3 Bxg3 18.
Rg1 Bh4 19. Rh1 Ng6 20. Nc5 f5 21. Bc4 b5 22. Bb3 Qg3 23. Qd1 Bg5 24. Qe2 Bxd2+ 25. Kxd2 Qf4+ 26. Kc2 Kf8 27. Re1 Ne5 28. Qxe5 Qxe5 29.
dxe5 g6 30. e6 fxe6 31. Nxe6+ Bxe6 32. Rxe6 Kg7 33. Rxc6 g5 34. Rc5 Kf6 35. Kd2 g4 36. Ke2 Re8+ 37. Kf2 f4 38. Bc2 g3+ 39. Kf3 Re3+ 40.
Kxf4 Re2 41. Bd3 g2 42. Rf5+ Ke6 43. Rg5 Rxb2 44. Be4 Rxa2 45. Bd5+ 1-0

[Event "*** Titled Tuesday Blitz"]
[Site "Chess.com"]
[Date "2020.11.10"]
[Round "10"]
[White "FMJoseHerrera"]
[Black "Xeniya2005"]
[Result "0-1"]
[WhiteElo "2548"]
[BlackElo "2390"]
[TimeControl "180+1"]
[EndTime "12:02:55 PST"]
[Termination "Xeniya2005 won on time"]

1. e4 e6 2. Qe2 c5 3. c3 Nc6 4. g3 g6 5. Bg2 Bg7 6. d3 Nge7 7. h4 h6 8. Be3 d6 9. Nd2 b6 10. f4 Bb7 11. Ngf3 Qc7 12. O-O O-O 13. Nh2 Qd7 14. Rae1 f5 15. Nc4 Rae8 16. Bc1 Nc8 17. h5 N8e7 18.
hxg6 Nxg6 19. Qh5 Kh7 20. Nf3 Nge7 21. e5 dxe5 22. fxe5 Nc8 23. g4 fxg4 24. Nh4 N6e7 25. Bxb7 Qxb7 26. Nd6 Nxd6 27. exd6 Nc8 28. Qg6+ Kh8 29.
Bxh6 Nxd6 30. Rxf8+ Rxf8 31. Rxe6 Nc8 32. Re8 Kg8 33.
Rxf8+ Kxf8 34. Nf5 Bxh6 35. Qxh6+ Ke8 36. Qh8+ Kd7 37. d4 Qe4 38. Qh7+ Kc6 39. Ne7+ Qxe7 40. Qg6+ Nd6 41. Qxg4 Qe1+ 42. Kg2 Qd2+ 43. Kh3 Qxb2 0-1

[Event "*** Titled Tuesday Blitz"]
[Site "Chess.com"]
[Date "2020.11.10"]
[Round "10"]
[White "Borsuk_Konstantin"]
[Black "Loy_Konstantin"]
[Result "0-1"]
[WhiteElo "2578"]
[BlackElo "2399"]
[TimeControl "180+1"]
[EndTime "12:02:56 PST"]
[Termination "Loy_Konstantin won on time"]

1. d4 Nf6 2. c4 c5 3. d5 b5 4. cxb5 a6 5. b6 Qxb6 6. Nc3 d6 7. Nf3 g6 8. Nd2 Bg7 9. a4 O-O 10. e4 Qb4 11. a5 Bd7 12. Be2 Qb7 13. O-O Bb5 14. Qb3 Nbd7 15. Nxb5 axb5 16. Qxb5 Qxb5 17. Bxb5 Rfb8 18. Bc6 Ra6 19. Nc4 Rb4 20. Ra4 Rxa4 21. Bxa4 Ne5 22. Bb5 Ra7 23. a6 Nxe4 24. Re1 Nxc4 25.
Bxc4 Nf6 26. Bd2 Kf8 27. b4 cxb4 28. Rb1 Nd7 29. Rxb4 Ke8 30. Rb7 Rxb7 31. axb7 Bd4 32. Bb5 Ba7 33. Ba5 Bb8 34. Kf1 e6 35. Ke2 Ke7 36. Bc6 exd5 37. Bxd5 Nc5 38. Bb6 f6 39. Kd2 Kd7 40. Kc3 h6 41. Kc4 Bc7 42. Ba7 Na6 43. Kb5 Nb8 44. Bd4 f5 0-1

[Event "*** Titled Tuesday Blitz"]
[Site "Chess.com"]
[Date "2020.11.10"]
[Round "10"]
[White "ARTHURMOTIVATOR"]
[Black "Sergey85Rodchenkov"]
[Result "0-1"]
[WhiteElo "2362"]
[BlackElo "2462"]
[TimeControl "180+1"]
[EndTime "12:02:57 PST"]
[Termination "Sergey85Rodchenkov won on time"]

1. e4 c5 2. b3 d5 3. exd5 Qxd5 4. Nc3 Qd8 5. Nf3 Nf6 6. a4 Nc6 7. Bb5 Bd7 8. O-O e6 9. d4 a6 10.
Be2 cxd4 11. Nxd4 Nxd4 12. Qxd4 Bc6 13. Qxd8+ Rxd8 14. Be3 Bb4 15. Na2 Be7 16. Rad1 O-O 17. h3 h6 18. Nc3 Rc8 19. Bd4 Rfd8 20. Be5 Bb4 21. Rxd8+ Rxd8 22. Rd1 Rc8 23. Bd3 Nd7 24. Na2 Be7 25. Bb2 Nc5 26. Bf1 Be4 27. Rd2 Bg5 28.
Re2 Bg6 29. Bd4 b5 30. axb5 axb5 31. Nb4 Ne4 32. g3 Nc3 33. Bxc3 Rxc3 34. h4 Be7 35. Nd3 Bxd3 36. cxd3 Rxb3 37. Rc2 g5 38. Rc8+ Kg7 39.
Rc7 Bf6 40. hxg5 hxg5 41. Bh3 Kg6 42. Bg2 Bd4 43. Be4+ Kf6 44. Kf1 Rb1+ 45. Kg2 Rb2 46. Kh3 Bxf2 47. Rb7 Bd4 48. Bc6 Rf2 49. Be8 Kg7 50.
Rxb5 f5 51. Rb7+ Kf6 52. g4 Rf3+ 53. Kg2 Rxd3 54. gxf5 exf5 0-1

[Event "*** Titled Tuesday Blitz"]
[Site "Chess.com"]
[Date "2020.11.10"]
[Round "10"]
[White "Shuvalov"]
[Black "VinzentSpitzl"]
[Result "1-0"]
[WhiteElo "2461"]
[BlackElo "2332"]
[TimeControl "180+1"]
[EndTime "12:02:58 PST"]
[Termination "Shuvalov won on time"]

1. Nf3 d5 2. c4 e6 3. g3 Nf6 4.
Bg2 Be7 5. O-O O-O 6. b3 c5 7. Bb2 Nc6 8. e3 d4 9. exd4 cxd4 10. Re1 Re8 11. d3 Bc5 12. Ba3 Qd6 13. Bxc5 Qxc5 14.
a3 a5 15. b4 Qb6 16. b5 Ne7 17. Ne5 Nf5 18. Nd2 Nd7 19. Ndf3 Nxe5 20. Nxe5 f6 21.
Nf3 Bd7 22. a4 e5 23. Nd2 Nd6 24. Rc1 Rac8 25. Nb3 Nf5 26. c5 Qa7 27. c6 bxc6 28. bxc6 Be6 29. Nc5 Bf7 30. Bh3 Bg6 31. Nb7 Rxc6 32.
Rxc6 Qxb7 33. Bg2 Qb4 34. Rc4 Qb6 35. Qc2 Nd6 36. Rc6 Qb4 37. Rb1 Qa3 38. Bf1 Bf7 39.
Qc5 Qa2 40. Rc1 Nf5 41. Qxa5 Nh6 42. Rc8 Ng4 43. R1c2 Qe6 44. Qa8 h5 45. Rxe8+ Bxe8 46. Rc8 Kf7 47. a5 Qf5 48. Qd5+ Kg6 49. Qe4 Qxe4 50.
dxe4 Bd7 51. Rc7 Be6 52. a6 f5 53. Bd3 1-0

[Event "*** Titled Tuesday Blitz"]
[Site "Chess.com"]
[Date "2020.11.10"]
[Round "10"]
[White "zajka-molotok"]
[Black "Deepweb2020"]
[Result "1-0"]
[WhiteElo "2488"]
[BlackElo "2230"]
[TimeControl "180+1"]
[EndTime "12:03:01 PST"]
[Termination "zajka-molotok won on time"]

1. b3 e5 2. Bb2 Nc6 3. e3 d5 4. Nf3 Bd6 5. Bb5 Qe7 6. c4 dxc4 7. bxc4 Nf6 8. d4 exd4 9. Nxd4 O-O 10. O-O Qe5 11. g3 Bg4 12. Qc1 Nxd4 13. Bxd4 Qh5 14.
Nd2 Be2 15. Re1 Ng4 16. h4 Ne5 17. Qc2 Nf3+ 18. Nxf3 Bxf3 19. c5 Qg4 20. Bf1 Be7 21. Bg2 Rad8 22. Bxf3 Qxf3 23. Qe2 Qc6 24. Rac1 Rfe8 25.
Qg4 Bf6 26. Red1 h6 27. Kh2 Qe6 28. Qxe6 fxe6 29. Rb1 b6 30. cxb6 axb6 31. Bxf6 gxf6 32. Rdc1 Rd7 33. Rc4 Ree7 34. Kg2 Kf7 35. Rbc1 e5 36. e4 Ke6 37. Rc6+ Kf7 38. R1c2 Ke8 39. Rxf6 Rd4 40. f3 Rh7 41. h5 Kd8 42. Kh3 Kc8 43. Re6 Rd3 44. Rf2 Rf7 45. Kg2 1-0

[Event "*** Titled Tuesday Blitz"]
[Site "Chess.com"]
[Date "2020.11.10"]
[Round "10"]
[White "Azoulas1"]
[Black "natelleka"]
[Result "1-0"]
[WhiteElo "2072"]
[BlackElo "2122"]
[TimeControl "180+1"]
[EndTime "12:03:02 PST"]
[Termination "Azoulas1 won on time"]

1. c4 e5 2. Nc3 Nf6 3. g3 d5 4. cxd5 Nxd5 5. Bg2 Nb6 6. Nf3 Nc6 7. d3 Be6 8. O-O Be7 9. Be3 O-O 10. a3 f6 11. Rc1 Nd5 12. Nxd5 Bxd5 13. b4 a6 14. Bc5 Qd7 15. Bxe7 Nxe7 16. Qc2 Nc6 17. Qc5 Rad8 18.
Rfd1 b6 19. Qc2 Kh8 20. h4 Bxf3 21. Bxf3 Nd4 22. Qxc7 Nxf3+ 23. exf3 Qd5 24. Qc6 Qb3 25. Qc3 Qd5 26. Kg2 h5 27. Qc4 Qxc4 28. dxc4 Rc8 29. Rd6 Rb8 30. a4 Rfc8 31. Rd5 Rc6 32. c5 bxc5 33.
Rdxc5 Rxc5 34. bxc5 Rc8 35. c6 Rc7 36. Rc5 Kg8 37.
f4 exf4 38. gxf4 g6 39. Kf3 Kf7 40. Ke4 Ke6 41. Kd4 Kd6 42. f5 g5 43. hxg5 fxg5 44. f6 g4 45. Rxh5 Rxc6 46. f7 Ke7 47. Rf5 Kf8 48. Kd5 1-0

[Event "*** Titled Tuesday Blitz"]
[Site "Chess.com"]
[Date "2020.11.10"]
[Round "10"]
[White "Kaslask"]
[Black "dennisodessa"]
[Result "0-1"]
[WhiteElo "2364"]
[BlackElo "2464"]
[TimeControl "180+1"]
[EndTime "12:03:03 PST"]
[Termination "dennisodessa won on time"]

1. d4 Nf6 2. c4 e6 3. Nc3 Bb4 4.
e3 b6 5. Bd3 Bb7 6. Nf3 O-O 7.
O-O Bxc3 8. bxc3 Ne4 9. Nd2 f5 10. Qc2 Nxd2 11. Bxd2 Qh4 12. f3 d6 13. e4 fxe4 14. Bxe4 Bxe4 15. Qxe4 Qxe4 16. fxe4 Nd7 17. a4 a5 18. Be3 e5 19. c5 exd4 20. cxd4 Rfe8 21.
cxb6 Rxe4 22. Bf2 Nxb6 23. Rfc1 Ra7 24. Rc6 h6 25. Rac1 Nxa4 26. Rxc7 Rxc7 27. Rxc7 Nb2 28.
Rd7 Nc4 29. Rc7 d5 30. Rc5 a4 31. Rxd5 a3 32. Rd8+ Kh7 33. Ra8 Re2 34. d5 a2 35.
g3 Rb2 36. Kg2 Ne3+ 37. Kf3 Nc2 38. d6 a1=Q 39. Rxa1 Nxa1 40. Be3 Rb7 41. Ke4 Nc2 42. Bc5 Kg6 43. Kd5 Nb4+ 44. Ke6 Na6 45. d7 Rxd7 46. Kxd7 Nxc5+ 47. Kd6 Nb3 48. Ke5 Kg5 49. Ke6 Kg4 50. Kf7 g5 51. Kg6 h5 52. h3+ Kxg3 53. Kxh5 Kf4 0-1

[Event "*** Titled Tuesday Blitz"]
[Site "Chess.com"]
[Date "2020.11.10"]
[Round "10"]
[White "yobdc"]
[Black "Mikhail_Golubev"]
[Result "1-0"]
[WhiteElo "2466"]
[BlackElo "2577"]
[TimeControl "180+1"]
[EndTime "12:03:04 PST"]
[Termination "yobdc won on time"]

1. d4 Nf6 2. Nf3 d6 3. Nbd2 g6 4. e4 Bg7 5. Bb5+ c6 6. Bd3 O-O 7. O-O Qc7 8. c3 Nbd7 9. Qe2 e5 10. Rd1 Re8 11. dxe5 dxe5 12. a4 Nc5 13. Bc2 a5 14. Nc4 Be6 15. Bg5 Nh5 16. Be3 Nf4 17. Qf1 Nd7 18. Ng5 Bxc4 19. Qxc4 Nf6 20. Bb3 Ne6 21.
Nxe6 Rxe6 22. f3 Ree8 23. Rd2 Nh5 24. Rad1 Nf6 25. Rd6 Re7 26. Bg5 Nd5 27. Bxe7 Qxe7 28. exd5 Qxd6 29. dxc6 Qxc6 30. Qxf7+ Kh8 31. Rd7 Qf6 32.
Qxf6 Bxf6 33. Rxb7 Bg5 34. Bd5 Rd8 35. c4 Be3+ 36. Kf1 Bd4 37. Ke2 h5 38. Kd3 h4 39.
h3 g5 40. Ke4 Rf8 41. b4 axb4 42. Rxb4 Rf4+ 43. Kd3 Bg1 44. Rb7 Rd4+ 45. Kc3 Rd1 46.
a5 Ra1 47. Kb4 Bf2 48. Kb5 Rb1+ 49. Kc6 Ra1 50. Rb5 Rg1 51. f4 gxf4 52. a6 Re1 53. c5 Ra1 54. Kb7 1-0

[Event "*** Titled Tuesday Blitz"]
[Site "Chess.com"]
[Date "2020.11.10"]
[Round "10"]
[White "grandcoach"]
[Black "Sergienko_Sergey"]
[Result "0-1"]
[WhiteElo "2108"]
[BlackElo "2284"]
[TimeControl "180+1"]
[EndTime "12:03:04 PST"]
[Termination "Sergienko_Sergey won by checkmate"]

1. e4 c5 2. b4 cxb4 3. a3 e6 4. axb4 d5 5. exd5 exd5 6. b5 Nf6 7. Nf3 Be7 8. Be2 O-O 9. O-O Bg4 10. Bb2 Nbd7 11.
Nc3 Re8 12. Nd4 Bxe2 13. Ncxe2 Bd6 14. Ng3 Ne5 15. Ndf5 Nc4 16. Bc3 Be5 17. Nh5 Nxh5 18. Qxh5 Bxc3 19. dxc3 g6 20. Nh6+ Kg7 21. Qh3 Qg5 22. Ng4 h5 23. Ne3 Nxe3 24. fxe3 Qxe3+ 25. Qxe3 Rxe3 26. Rfd1 Rxc3 27. Rxd5 Rxc2 28. Rd7 Re8 29. Rxb7 Ree2 30. Rbxa7 Rxg2+ 31. Kf1 Rxh2 32. Kg1 Rhg2+ 33. Kf1 Rb2 34. b6 Rh2 35. Kg1 Rh4 36. Rf1 Rg4+ 37.
Kh1 Rxb6 38. Rfxf7+ Kh6 39. Rh7+ Kg5 40. Ra5+ Kh4 41.
Rf7 Rb1+ 42. Kh2 Rb2+ 43. Kh1 Rc4 44. Rf1 g5 45. Ra3 g4 46. Re3 Rcc2 47. Rfe1 Rh2+ 48. Kg1 Rhg2+ 49. Kf1 Rbf2# 0-1

[Event "*** Titled Tuesday Blitz"]
[Site "Chess.com"]
[Date "2020.11.10"]
[Round "10"]
[White "BAS8892"]
[Black "FormerProdigy"]
[Result "0-1"]
[WhiteElo "2744"]
[BlackElo "2893"]
[TimeControl "180+1"]
[EndTime "12:03:06 PST"]
[Termination "FormerProdigy won by resignation"]

1. d4 Nf6 2. Bf4 d5 3. e3 e6 4. Nf3 Bd6 5. Bg3 b6 6. Nbd2 Bb7 7.
c3 Nbd7 8. Bd3 Bxg3 9. hxg3 h6 10. Qe2 c5 11. Ne5 Nxe5 12. dxe5 Nd7 13. f4 Qe7 14. O-O-O O-O-O 15. Kb1 Kb8 16. e4 f6 17.
exd5 Bxd5 18. exf6 gxf6 19. Be4 Qf7 20. c4 f5 21.
cxd5 fxe4 22. dxe6 Qxe6 23. Qxe4 Qxe4+ 24. Nxe4 Kc7 25. g4 Rhg8 26. g5 hxg5 27. Nxg5 Rg6 28. Rh7 Kc6 29. Nf7 Rdg8 30. Rxd7 Kxd7 31. Ne5+ Kd6 32.
Nxg6 Rxg6 33. Rxa7 Rxg2 34. Rb7 Kc6 35. Rf7 Rf2 36. a4 c4 37. f5 Kc5 38. Rf6 Kb4 39.
Rxb6+ Kxa4 40. f6 Ka5 41. Re6 Kb5 42. Kc1 Kc5 43. Ra6 Kb5 44. Re6 Kc5 45. Kb1 Kb5 46.
Re5+ Kb4 47. Re6 c3 48. Re4+ Kb3 49. Re1 Rxb2+ 50. Kc1 Ra2 51. Kb1 c2+ 52. Kc1 Ra1+ 53. Kd2 Rxe1 54. Kxe1 c1=Q+ 0-1

[Event "*** Titled Tuesday Blitz"]
[Site "Chess.com"]
[Date "2020.11.10"]
[Round "10"]
[White "HanSchut"]
[Black "midedu"]
[Result "0-1"]
[WhiteElo "2197"]
[BlackElo "2095"]
[TimeControl "180+1"]
[EndTime "12:03:06 PST"]
[Termination "midedu won on time"]

1. e4 c5 2. Nf3 Nc6 3. d4 cxd4 4. Nxd4 Nf6 5. Nc3 Qb6 6. Nb3 e6 7. Be3 Qc7 8. a3 a6 9. Bd3 b5 10. O-O Be7 11. f4 d6 12. Qe1 O-O 13. Qg3 Rb8 14.
Rae1 b4 15. axb4 Nxb4 16. e5 Nxd3 17. exf6 Bxf6 18. Ne4 Be7 19. cxd3 Rxb3 20. Bd4 f6 21. Bc3 d5 22. Nd2 Rxc3 23. bxc3 Qxc3 24. Rd1 a5 25.
Nb1 Qd4+ 26. Qf2 Qb4 27. Qa2 a4 28. f5 Qd4+ 29. Kh1 exf5 30. Nd2 Qxd3 31. Qxa4 Kh8 32. Nf3 Qe4 33. Qa7 Bd6 34. Rde1 Qg4 35. h3 Qg3 36. Qf2 f4 37. Qxg3 fxg3 38. Rd1 Be6 39. Nd4 Bf7 40. Nf5 Be5 41. Rf3 Ra8 42.
Nxg3 g6 43. Rfd3 Kg7 44. Ne2 Ra2 45. Nd4 h5 46. Nf3 Bf4 47. Kg1 g5 48. Kf1 h4 49.
Nd4 Bg6 50. Ne6+ Kf7 51. Nxf4 Bxd3+ 52. Nxd3 Ke6 53. Nf2 Ke5 54. Nd3+ Ke4 0-1

[Event "*** Titled Tuesday Blitz"]
[Site "Chess.com"]
[Date "2020.11.10"]
[Round "10"]
[White "InitiatingASC"]
[Black "sokidze"]
[Result "1-0"]
[WhiteElo "2423"]
[BlackElo "2540"]
[TimeControl "180+1"]
[EndTime "12:03:07 PST"]
[Termination "InitiatingASC won on time"]

1. Nf3 c5 2. g3 Nc6 3. Bg2 e5 4.
c4 g6 5. O-O Bg7 6. d3 Nge7 7.
Nc3 O-O 8. Ne1 d6 9. Nc2 Be6 10.
Rb1 d5 11. cxd5 Nxd5 12. a3 Rc8 13. Ne3 Nxc3 14. bxc3 b6 15. Qa4 Qd7 16. Re1 Rfd8 17. Nc4 Ne7 18. Qxd7 Rxd7 19. Ne3 c4 20. dxc4 Bxc4 21.
Bh3 f5 22. Nxc4 Rxc4 23. e4 Rxc3 24. exf5 gxf5 25. Bb2 Rc5 26. a4 Ra5 27. Bc3 Rxa4 28. Bxe5 Ra5 29. Bxg7 Kxg7 30. Re2 Rc5 31. Rbe1 Ng6 32.
Bg2 a5 33. h4 h6 34. h5 Nf8 35. Re7+ Rxe7 36. Rxe7+ Kf6 37. Rb7 Rc1+ 38. Kh2 Rb1 39.
Bd5 Ne6 40. Rh7 Ng7 41. Rxh6+ Ke7 42. Rh7 Kf8 43. h6 Nh5 44. Rb7 Nf6 45. h7 Nxh7 46. Rxh7 a4 47. Ra7 b5 48. Bc6 Rb3 49. Rb7 b4 50. Bxa4 Rb2 51. Kg2 Ra2 52. Bb3 Rb2 53. Be6 1-0

[Event "*** Titled Tuesday Blitz"]
[Site "Chess.com"]
[Date "2020.11.10"]
[Round "10"]
[White "A-S-00"]
[Black "lacafi"]
[Result "0-1"]
[WhiteElo "2327"]
[BlackElo "2158"]
[TimeControl "180+1"]
[EndTime "12:03:07 PST"]
[Termination "lacafi won on time"]

1. d4 f5 2. c4 Nf6 3. Nf3 g6 4.
Nc3 Bg7 5. b4 O-O 6. Bb2 d6 7. e3 Qe8 8. a4 c6 9. d5 e5 10. dxe6 Qxe6 11. Be2 Nbd7 12. O-O Ne5 13. Nd4 Qe7 14. Qb3 Kh8 15. Nf3 Neg4 16. Rad1 Nxe3 17. fxe3 Qxe3+ 18. Kh1 Ne4 19. Nxe4 Qxb3 20. Bxg7+ Kxg7 21. Nxd6 h6 22. b5 Qxa4 23. Nd4 c5 24. Nf3 Rd8 25. Ne5 Be6 26. Nxb7 Rxd1 27. Rxd1 Qc2 28.
Bf3 Re8 29. Nxc5 Bg8 30. Ncd7 Bxc4 31. h3 Be6 32. Rd6 Bxd7 33. Rxd7+ Kf6 34. Nc6 Qc1+ 35. Kh2 Qf4+ 36. Kg1 Qa4 37. Rd6+ Kg5 38. Kf2 Qa2+ 39. Kf1 Qa3 40. Rd1 Qb2 41. Nd4 Qc3 42. Ne2 Qc4 43.
Rd4 Qxb5 44. h4+ Kf6 45. Rd6+ Ke7 46. Rd2 Rc8 47. Kf2 Kf6 48. Rd6+ Ke7 0-1

[Event "*** Titled Tuesday Blitz"]
[Site "Chess.com"]
[Date "2020.11.10"]
[Round "10"]
[White "Zq1"]
[Black "Matibar"]
[Result "1-0"]
[WhiteElo "2594"]
[BlackElo "2764"]
[TimeControl "180+1"]
[EndTime "12:03:08 PST"]
[Termination "Zq1 won on time"]

1. d4 Nf6 2. c4 g6 3. Nc3 Bg7 4. e4 d6 5. Nf3 O-O 6. Be2 e5 7. O-O Nc6 8. d5 Ne7 9. Ne1 c5 10. Be3 h5 11. h3 Nh7 12. Nd3 f5 13. exf5 Nxf5 14. Bd2 Qh4 15. Bf3 Nd4 16. Be4 Ng5 17.
Bxg5 Qxg5 18. Kh1 Bf5 19. Bxf5 gxf5 20. f4 Qg6 21. fxe5 dxe5 22. Nxc5 Rac8 23. Ne6 Nxe6 24. dxe6 Qxe6 25. Qd5 Qxd5 26. Nxd5 Rf7 27. b3 Kh7 28. Rae1 Kg6 29. g3 b5 30. Ne3 bxc4 31. Nxc4 Rc5 32. Re2 e4 33. g4 hxg4 34. hxg4 f4 35. Rxe4 Kg5 36. Nd6 Rf8 37. Nf5 Rh8+ 38. Kg1 Bf6 39. Rexf4 Rc2 40. R1f2 Rc1+ 41. Kg2 Be5 42. Re4 Rh2+ 43.
Kf3 Rc3+ 44. Re3 Rxe3+ 45. Nxe3 Rh3+ 46. Ke4 Bc7 47. Rf5+ Kg6 48. Nd5 Bh2 49. Ne7+ Kg7 50. Rf2 Bg1 51. Nf5+ Kg6 52. Rg2 Bb6 53. g5 Rh1 54.
Ne7+ Kf7 55. g6+ 1-0

[Event "*** Titled Tuesday Blitz"]
[Site "Chess.com"]
[Date "2020.11.10"]
[Round "10"]
[White "Chigorinetz"]
[Black "1977Ivan"]
[Result "0-1"]
[WhiteElo "2554"]
[BlackElo "2695"]
[TimeControl "180+1"]
[EndTime "12:03:08 PST"]
[Termination "1977Ivan won by checkmate"]

1. e4 c5 2. Nc3 Nc6 3. Nge2 g6 4. d4 cxd4 5. Nxd4 Bg7 6. Nb3 Nf6 7. Be2 O-O 8. O-O d6 9. Re1 a6 10. Bf1 b5 11. Nd5 Nd7 12. c3 Bb7 13. Bg5 h6 14.
Bh4 g5 15. Bg3 e6 16. Ne3 Nde5 17. a4 b4 18. c4 Na5 19. Nd2 Rc8 20. Rc1 Qb6 21. b3 Nac6 22. Qh5 Nd4 23. h4 Rc5 24. hxg5 hxg5 25. Rb1 Qd8 26. f3 g4 27. Bxe5 Rxe5 28. Qxg4 Rg5 29. Qh3 Be5 30. Ng4 Bf4 31. e5 dxe5 32. Ne4 Bxe4 33. Rxe4 f5 34. Rxf4 exf4 35.
Ne5 Kg7 36. Qh2 Qb6 37. c5 Qxc5 38. Nd3 Nxf3+ 39. Kh1 Nxh2 40. Nxc5 Rh5 41. Nxe6+ Kf6 42. g4 Nxg4+ 43. Kg2 Kxe6 44. Rd1 Rh2+ 45. Kg1 Rfh8 46.
Bc4+ Ke5 47. Re1+ Ne3 48. Re2 Rxe2 49. Bxe2 Ke4 50. Bxa6 f3 51. Bb7+ Kf4 52. a5 Kg3 53. Bxf3 Kxf3 54. a6 f4 55. a7 Kg3 56. a8=Q Rxa8 57.
Kh1 Ra1# 0-1

[Event "*** Titled Tuesday Blitz"]
[Site "Chess.com"]
[Date "2020.11.10"]
[Round "10"]
[White "MrChampion_Coach"]
[Black "IMprovidence"]
[Result "0-1"]
[WhiteElo "2504"]
[BlackElo "2407"]
[TimeControl "180+1"]
[EndTime "12:03:08 PST"]
[Termination "IMprovidence won on time"]

1. d4 Nf6 2. c4 e6 3. Nc3 Bb4 4. e3 O-O 5. Nf3 Re8 6. Bd3 b6 7. O-O Bb7 8. Ne2 Bf8 9. Ng3 d6 10. e4 c5 11. d5 e5 12. a3 Nbd7 13. b4 g6 14. Rb1 Rc8 15. Bd2 h6 16. Qa4 Qc7 17.
h3 Bg7 18. Rfc1 Rf8 19. Be3 Ra8 20. Bd2 Rfc8 21. Qd1 Kh7 22. h4 Rf8 23. h5 Bc8 24. Nh4 Rg8 25. Bc2 Qd8 26. Ba4 Bf8 27. hxg6+ fxg6 28. Bc6 Rb8 29. Be3 Qe7 30. Nf3 Ng4 31. bxc5 Nxe3 32.
cxd6 Qxd6 33. fxe3 a5 34. Qd3 Qxa3 35. Qxa3 Bxa3 36. Bxd7 Bxc1 37. Bxc8 Bxe3+ 38. Kf1 Rgxc8 39. Nxe5 Bf4 40. Nd7 Bxg3 41. Nxb8 Rxb8 42. Ke2 Bd6 43. Kd3 a4 44. Ra1 a3 45. Rf1 Kg7 46. Kd4 Re8 47.
Rb1 a2 48. Rf1 a1=Q+ 0-1

[Event "*** Titled Tuesday Blitz"]
[Site "Chess.com"]
[Date "2020.11.10"]
[Round "10"]
[White "Fins0905"]
[Black "gui_borba"]
[Result "1-0"]
[WhiteElo "2618"]
[BlackElo "2429"]
[TimeControl "180+1"]
[EndTime "12:03:10 PST"]
[Termination "Fins0905 won by resignation"]

1. Nf3 c5 2. c3 Nc6 3. d4 cxd4 4. cxd4 d5 5. Nc3 Nf6 6. Bf4 Bf5 7. e3 e6 8. Qb3 Bb4 9. Bb5 O-O 10. O-O Bxc3 11. Qxc3 Rc8 12. Rfc1 Qb6 13. Bf1 h6 14. h3 Ne4 15. Qa3 Nb4 16. Qb3 Nc2 17. Qxb6 axb6 18. Rab1 g5 19. Bh2 f6 20. g4 Bg6 21. Bb5 Rfd8 22.
a3 Nd6 23. Bxd6 Rxd6 24. Ne1 Rdd8 25. Nd3 Rc7 26. Rd1 Rdc8 27. Rd2 Kf8 28. Kg2 Ke7 29. Kg3 h5 30. gxh5 Bxh5 31. Rh1 Bg6 32. h4 Rh8 33. Ba4 Bxd3 34. Rxd3 gxh4+ 35. Rxh4 Rxh4 36. Kxh4 Kd6 37. Rd1 b5 38. Bxb5 b6 39. Bd3 b5 40. Kg3 b4 41.
a4 b3 42. a5 Ra7 43. a6 Nb4 44.
Be2 Kc7 45. Ra1 Kb6 46. Ra3 Nxa6 47. Rxb3+ Kc7 48. Ra3 Kb6 49. Rxa6+ Rxa6 50. Bxa6 Kxa6 51. Kg4 Kb5 52. Kh5 Kc4 53. Kg6 f5 54. Kf6 f4 55.
Kxe6 fxe3 56. fxe3 1-0